AoeStats
← Malelf

Arena

509200939Analyzed
4v4 RM · 5d ago on Sep 25, 2026· 70m 41s· 8 players
Game mode
Random Map
Map size
Large (8 player)
Population
200
Speed
Normal
Resources
Standard
Victory
Conquest
Starting age
Dark Age
Ending age
Imperial Age
RankedLock teamsTeams togetherTeam positionsShared explorationLock speedFull tech treeHidden civsTurbo modeCheats
Victory
Defeat
🇮🇹 Danes · Italy
1746
+11
🇮🇹 Varangians · Italy
1712
+12
🇮🇹 Saxons · Italy
1627
+16
🇮🇹 Italians · Italy
1614
+16
🇪🇸 Mongols · Spain
1701
-17
🇪🇸 Khmer · Spain
1619
-14
🇩🇪 Koreans · Germany
1592
-12
🇨🇳 Saxons · China
1581
-12
Hommi
10:25 Feudal Age
14:24 Castle Age
13:11 Double-Bit Axe
14:06 Gold Mining
15:44 Horse Collar
17:03 Squires
19:40 Scale Mail Armor
27:57 Fletching
31:06 Pikeman
32:26 Wheelbarrow
35:16 Imperial Age
32:49 Eupseong
33:40 Bodkin Arrow
33:52 Stone Mining
34:43 Ballistics
34:43 Bow Saw
34:42 Elite Skirmisher
36:03 Bracer
36:10 Thumb Ring
36:17 Murder Holes
37:23 Chemistry
36:09 Arrowslits
36:09 Crossbowman
36:46 Loom
37:17 Hand Cart
36:57 Arbalester
37:40 Arbalester
38:50 Masonry
39:21 Conscription
39:52 Elite Fire Lancer
40:18 Arson
41:48 Architecture
41:07 Halberdier
41:28 Elite War Wagon
43:48 Forging
45:00 Chain Mail Armor
45:20 Iron Casting
46:46 Plate Mail Armor
46:51 Iron Casting
48:12 Siege Engineers
67:48 Caravan
Tales de Paleto
8:25 Feudal Age
9:40 Double-Bit Axe
9:36 Horse Collar
15:08 Loom
15:44 Scale Barding Armor
19:15 Castle Age
18:03 Bloodlines
19:07 Gold Mining
20:04 Light Cavalry
22:42 Forging
23:00 Husbandry
25:21 Fletching
30:38 Wheelbarrow
30:15 Bow Saw
30:05 Heavy Plow
36:43 Imperial Age
36:24 Chain Barding Armor
36:39 Iron Casting
38:23 Gold Shaft Mining
38:58 Plate Barding Armor
38:59 Heavy Scorpion
39:05 Hussar
39:50 Double Crossbow
41:06 Conscription
42:28 Blast Furnace
41:55 Hand Cart
44:56 Siege Engineers
49:56 Crop Rotation
52:08 Ballistics
52:49 Chemistry
张横
10:29 Feudal Age
11:54 Double-Bit Axe
14:33 Castle Age
12:48 Horse Collar
16:30 Bow Saw
21:43 Gold Mining
22:55 Heavy Plow
26:19 Wheelbarrow
25:29 Loom
31:24 Imperial Age
29:12 Hand Cart
29:54 Fletching
30:04 Padded Archer Armor
30:26 Ballistics
30:26 Crossbowman
31:46 Bodkin Arrow
33:40 Chemistry
33:44 Bracer
34:37 Arbalester
MariaPita
10:22 Feudal Age
9:38 Loom
11:19 Double-Bit Axe
11:47 Horse Collar
14:10 Castle Age
15:11 Bow Saw
20:14 Town Watch
21:12 Wheelbarrow
22:24 Stone Mining
24:42 Stone Shaft Mining
25:58 Hand Cart
25:35 Fletching
29:36 Imperial Age
27:40 Heavy Plow
28:27 Bodkin Arrow
29:03 Ballistics
30:23 Bracer
31:24 Chemistry
30:38 Gold Mining
31:28 Conscription
31:40 Elite Mangudai
32:27 Thumb Ring
32:24 Husbandry
32:34 Bloodlines
33:02 Bloodlines
32:54 Padded Archer Armor
33:20 Parthian Tactics
33:19 Capped Ram
35:26 Siege Engineers
36:11 Leather Archer Armor
36:34 Coinage
36:43 Drill
36:17 Light Cavalry
37:03 Scale Barding Armor
37:09 Forging
36:47 Siege Ram
38:36 Banking
38:54 Chain Barding Armor
38:34 Scale Mail Armor
39:10 Iron Casting
38:48 Masonry
39:23 Nomads
39:06 Onager
39:34 Hussar
42:16 Blast Furnace
42:07 Hoardings
41:45 Siege Onager
44:17 Murder Holes
51:24 Devotion
51:21 Herbal Medicine
57:29 Gold Shaft Mining
Malelf
4:56 Loom
8:28 Feudal Age
9:12 Double-Bit Axe
13:11 Wheelbarrow
14:04 Horse Collar
21:04 Gold Mining
23:51 Castle Age
25:05 Bow Saw
24:58 Heavy Plow
31:05 Fortified Wall
31:06 Masonry
33:16 Hand Cart
36:15 Imperial Age
34:13 Ballistics
33:46 Fletching
35:33 Scale Mail Armor
37:21 Conscription
37:36 Architecture
38:08 Chemistry
37:29 Chain Mail Armor
38:33 Two-Man Saw
39:07 Plate Mail Armor
38:48 Forging
39:01 Bodkin Arrow
39:07 Padded Archer Armor
38:35 Elite Hearth Troop
38:43 Shield Wall
39:55 Guilds
40:27 Crop Rotation
40:19 Squires
41:34 Hoardings
43:46 Iron Casting
43:12 Bracer
46:50 Elite Skirmisher
47:35 Thumb Ring
47:33 Padded Archer Armor
48:10 Arson
48:54 Leather Archer Armor
48:49 Stone Mining
50:28 Ring Archer Armor
49:55 Town Watch
54:09 Siege Engineers
54:22 Caravan
65:48 Murder Holes
MrDJM
9:57 Feudal Age
13:35 Castle Age
11:19 Horse Collar
11:53 Double-Bit Axe
15:09 Bow Saw
16:44 Wheelbarrow
19:28 Loom
25:39 Hand Cart
28:40 Imperial Age
26:45 Heavy Plow
28:11 Gold Mining
29:33 Ballistics
30:39 Chemistry
30:01 Ballistics
30:50 Two-Man Saw
30:38 Conscription
30:36 Padded Archer Armor
31:30 Pirotechnia
32:52 Leather Archer Armor
35:32 Masonry
35:54 Ring Archer Armor
40:21 Coinage
39:51 Caravan
45:16 Fletching
45:58 Architecture
45:08 Treadmill Crane
46:22 Bodkin Arrow
47:39 Banking
47:20 Guilds
51:08 Onager
55:37 Silk Road
60:25 Bracer
62:55 Elite Genoese Crossbowman
64:53 Crop Rotation
64:39 Fortified Wall
Dott_Berlu
11:16 Feudal Age
14:58 Castle Age
13:08 Double-Bit Axe
13:09 Horse Collar
15:55 Bow Saw
15:45 Heavy Plow
17:13 Wheelbarrow
21:26 Loom
28:57 Imperial Age
27:43 Scale Barding Armor
28:04 Bloodlines
27:55 Husbandry
28:52 Chain Barding Armor
30:09 Hand Cart
31:44 Conscription
32:51 Plate Barding Armor
32:27 Forging
32:39 Vendel Legacy
36:25 Iron Casting
35:12 Cavalier
36:20 Light Cavalry
36:28 Capped Ram
37:48 Gold Mining
38:12 Siege Ram
41:07 Caravan
41:38 Coinage
40:31 Hussar
42:12 Blast Furnace
41:14 Fletching
44:21 Masonry
48:37 Ballistics
48:13 Bodkin Arrow
49:41 Siege Engineers
50:37 Chemistry
49:38 Bracer
52:17 Two-Man Saw
52:05 Banking
52:09 Stone Mining
54:14 Architecture
66:17 Fortified Wall
66:39 Crop Rotation
Cagata Sonante
11:11 Feudal Age
11:17 Feudal Age
15:47 Castle Age
14:08 Double-Bit Axe
14:11 Horse Collar
15:43 Scale Mail Armor
17:13 Chain Mail Armor
17:18 Heavy Plow
17:32 Bow Saw
19:53 Loom
22:02 Forging
30:46 Wheelbarrow
33:23 Hand Cart
37:08 Imperial Age
36:31 Town Watch
37:54 Murder Holes
38:13 Masonry
37:29 Onager
39:15 Siege Engineers
39:53 Siege Onager
42:08 Conscription
42:07 Pikeman
42:47 Squires
42:54 Hamask
42:59 Halberdier
44:39 Plate Mail Armor
44:45 Iron Casting
43:59 Northmen's Fury
49:38 Caravan
56:41 Hoardings
61:10 Chemistry
61:16 Blast Furnace
60:07 Fletching
65:36 Bodkin Arrow
66:04 Ballistics
Connection lost

Rejoining the realm…

Still unreachable

The connection could not be restored.

Session expired

The server has moved on; the page needs a fresh start.